 Dungeon Crawl Stone Soup version 0.28-a0-1212-gc6b4282bc0 (webtiles) character file.

Game seed: 13946025393218483980

79403 alalala the Bewitcher (level 15, -6/85 HPs)
             Began as a Vampire Enchanter on Dec 20, 2021.
             Was the Champion of Hepliaklqana.
             Mangled by a +0 flail of protection (13 damage)
             ... on level 1 of the Elven Halls on Dec 21, 2021.
             The game lasted 03:51:08 (29861 turns).

alalala the Bewitcher (Vampire Enchanter)          Turns: 29861, Time: 03:51:08

Health: -6/85      AC: 12    Str: 13    XL:     15   Next: 20%
Magic:  21/32      EV: 16    Int: 24    God:    Hepliaklqana [******]
Gold:   1445       SH: 13    Dex: 20    Spells: 6/41 levels left

rFire   + + +      SeeInvis +   z - +5 dagger
rCold   + + .      Faith    .   A - +2 buckler {rF+}
rNeg    . . .      Spirit   .   Z - +2 robe {rC+ rF+}
rPois   .          Reflect  +   W - +2 hat
rElec   +          Harm     .   V - scarf {rC+ rF+}
rCorr   .          Rampage  .   g - +0 pair of gloves
Will    +....                   q - +0 pair of boots
Stlth   ++++++....              i - amulet of reflection
HPRegen 0.44/turn               d - +4 ring of protection
MPRegen 0.23/turn               w - ring of Winter {rElec Str+6 Dex+4}

@: healing quickly
A: reduced essence, alive, fangs 3, see invisible, vampiric 2
a: Exsanguinate, Renounce Religion, Recall Ancestor, Ancestor Identity,
Transference, Idealise


You were on level 1 of the Elven Halls.
You worshipped Hepliaklqana.
Hepliaklqana was exalted by your worship.
You visited 4 branches of the dungeon, and saw 22 of its levels.
You visited 1 bazaar.
You also visited: Sewer.

You collected 2389 gold pieces.
You spent 944 gold pieces at shops.

Inventory:

Hand Weapons
 h - a +2 dagger of electrocution
 z - a +5 dagger (weapon)
Missiles
 j - 5 atropa-tipped darts (quivered)
 p - 56 poisoned darts
 t - 10 curare-tipped darts
 P - 2 throwing nets
Armour
 g - a +0 pair of gloves (worn)
 q - a +0 pair of boots (worn)
 A - a +2 buckler of fire resistance (worn)
 M - a +1 robe of willpower
 R - a +2 robe of positive energy
 V - a scarf of resistance (worn)
 W - a +2 hat (worn)
 Z - a +2 robe of resistance (worn)
Jewellery
 d - a +4 ring of protection (left hand)
 i - an amulet of reflection (around neck)
 k - a ring of magical power
 w - the ring of Winter (right hand) {rElec Str+6 Dex+4}
   (You found it on level 1 of the Elven Halls)

   [ring of strength]

   Str:       It affects your strength (+6).
   Dex:       It affects your dexterity (+4).
   rElec:     It insulates you from electricity.
 D - a ring of fire
 K - a ring of poison resistance
 L - a +6 ring of strength
 T - a +4 ring of evasion
 X - a ring of willpower
Wands
 b - a wand of digging (7)
 f - a wand of flame (21)
 C - a wand of polymorph (20)
 F - a wand of paralysis (15)
 G - a wand of mindburst (18)
 Y - a wand of acid (10)
Scrolls
 a - 2 scrolls of amnesia
 e - 14 scrolls of identify
 r - 3 scrolls of enchant armour
 s - 2 scrolls of enchant weapon
 u - a scroll of magic mapping
 v - 6 scrolls of teleportation
 B - a scroll of blinking
 N - a scroll of acquirement {unknown}
Potions
 c - 3 potions of invisibility
 m - a potion of haste
 n - 3 potions of might
 o - 5 potions of flight
 x - 5 potions of heal wounds
 y - a potion of berserk rage
 E - 2 potions of resistance
 I - a potion of cancellation
 Q - 2 potions of curing
 U - 2 potions of brilliance
Miscellaneous
 l - a lightning rod (4/4)
 H - a tin of tremorstones (2/2)
 J - a piece from Xom's chessboard (15/15)


   Skills:
 - Level 2.0 Fighting
 - Level 10.1 Short Blades
 - Level 0.3 Throwing
 + Level 4.1 Armour
 - Level 6.0 Dodging
 - Level 15.0 Stealth
 - Level 5.8 Shields
 + Level 13.5 Spellcasting
 * Level 2.8 Conjurations
 - Level 19.0 Hexes
 - Level 1.6 Necromancy
 * Level 8.0 Ice Magic
 * Level 4.5 Air Magic
 - Level 0.4 Poison Magic
 - Level 0.2 Evocations


You had 6 spell levels left.
You knew the following spells:

 Your Spells              Type           Power      Damage    Failure   Level
a - Ensorcelled Hibernat  Hex/Ice        100%       N/A       1%          2
b - Confusing Touch       Hex            82%        N/A       0%          3
c - Sublimation of Blood  Necr           24%        N/A       2%          2
d - Animate Skeleton      Necr           48%        N/A       1%          1
e - Metabolic Englaciati  Hex/Ice        34%        N/A       1%          5
f - Tukima's Dance        Hex            82%        N/A       0%          3
g - Vampiric Draining     Necr           24%        2d7       5%          3
h - Discord               Hex            41%        N/A       10%         8
i - Mephitic Cloud        Conj/Pois/Air  28%        N/A       3%          3
j - Freezing Cloud        Conj/Ice/Air   20%        6-21      12%         5

Your spell library contained the following spells:

 Spells                   Type           Power      Damage    Failure   Level
 Slow                     Hex            100%       N/A       0%          1
 Cause Fear               Hex            41%        N/A       0%          4
 Pain                     Necr           96%        1d8       1%          1
 Corpse Rot               Necr/Air       62%        N/A       1%          2
 Dazzling Flash           Conj/Hex       100%       N/A       1%          3
 Inner Flame              Hex/Fire       58%        N/A       1%          3
 Ozocubu's Armour         Ice            53%        N/A       1%          3
 Portal Projectile        Hex/Tloc       100%       N/A       1%          3
 Summon Guardian Golem    Hex/Summ       58%        N/A       1%          3
 Leda's Liquefaction      Hex/Erth       29%        N/A       1%          4
 Silence                  Hex/Air        32%        N/A       1%          5
 Summon Mana Viper        Hex/Summ       58%        N/A       1%          5
 Yara's Violent Unravell  Hex/Tmut       29%        3d12      1%          5
 Apportation              Tloc           32%        N/A       3%          1
 Summon Small Mammal      Summ           64%        N/A       3%          1
 Hailstorm                Conj/Ice       42%        3d10      3%          4
 Wereblood                Tmut           16%        N/A       5%          2
 Conjure Flame            Conj/Fire      23%        6-21      6%          3
 Call Canine Familiar     Summ           16%        N/A       11%         3
 Ignite Poison            Fire/Tmut/Pois 16%        N/A       11%         3
 Lesser Beckoning         Tloc           16%        N/A       11%         3
 Iskenderun's Mystic Bla  Conj/Tloc      23%        2d6       21%         4
 Sticky Flame             Conj/Fire      23%        2d4       21%         4
 Agony                    Necr           24%        N/A       45%         5
 Irradiate                Conj/Tmut      11%        3d17      50%         5
 Borgnjor's Vile Clutch   Necr/Erth      10%        N/A       58%         5
 Simulacrum               Ice/Necr       19%        N/A       58%         6
 Alistair's Intoxication  Tmut/Pois      11%        N/A       67%         5
 Blade Hands              Tmut           8%         N/A       71%         5
 Summon Forest            Summ/Tloc      8%         N/A       71%         5
 Starburst                Conj/Fire      11%        6d5       97%         6
 Eringya's Noxious Bog    Tmut/Pois      8%         N/A       99%         6
 Dragon Form              Tmut           8%         N/A       100%        7
 Summon Hydra             Summ           8%         N/A       100%        7
 Maxwell's Capacitive Co  Air            19%        ∞         100%        8


Dungeon Overview and Level Annotations

Branches:
Dungeon (12/15)            Temple (0/1) D:4            Lair (6/6) D:10
 Shoals (0/4) Lair:2        Snake (0/4) Lair:3        Slime (0/5) Lair:5
    Orc (2/2) D:12            Elf (2/3) Orc:2         Sewer (visited)

Altars:
Gozag
Hepliaklqana
Jiyva

Shops:
D:1 (   D:3 [?=*   D:5 *   D:9 (   Orc:1 (*[=   Orc:2 [**=   Elf:1 !


Innate Abilities, Weirdness & Mutations

Your life essence is reduced to manifest your ancestor. (-10% HP)
Your natural rate of healing is accelerated.
You have razor-sharp teeth.
You have supernaturally acute eyesight. (SInv)
You are afflicted with vampirism and can become a bat while bloodless.


Message History

Lightning courses through Helper!
Helper is destroyed!
The +0 flail of protection is engulfed in freezing vapours.
The +0 flail of protection misses you.
Casting: Freezing Cloud (dangerous; 12% risk of failure)
Confirm with . or Enter, or press ? or * to list all spells.
Okay, then.
Casting: Freezing Cloud (dangerous; 12% risk of failure)
Confirm with . or Enter, or press ? or * to list all spells.
Aiming: Ensorcelled Hibernation (safe; 1% risk of failure)
Press: ? - help, Shift-Dir - straight line, f - +1 battleaxe of electrocution
Aim: a +1 battleaxe of electrocution (freezing vapour, moderately damaged, infinite will)
Okay, then.
Your +2 dagger of electrocution stops crackling.
z - a +5 dagger (weapon)
The +1 battleaxe of electrocution is engulfed in freezing vapours.
The +1 battleaxe of electrocution closely misses you.
The deep elf pyromancer is engulfed in freezing vapours.
The deep elf pyromancer mumbles some strange words.
The deep elf pyromancer blinks!
You completely miss the +1 battleaxe of electrocution.
The +1 battleaxe of electrocution is heavily damaged.
The +0 flail of protection hits you!
The +1 battleaxe of electrocution hits you!!
The +0 flail of protection closely misses you.
There is a stone staircase leading up here.
The +0 flail of protection hits you!
The +1 battleaxe of electrocution barely misses you.
You climb upwards.
There is a stone staircase leading down here.
Casting: Ensorcelled Hibernation (safe; 1% risk of failure)
Confirm with . or Enter, or press ? or * to list all spells.
Okay, then.
Okay, then.
The +0 flail of protection hits you!
* * * LOW HITPOINT WARNING * * *
The +0 flail of protection hits you!
* * * LOW HITPOINT WARNING * * *
The +0 flail of protection hits you!
You die...

###
#.....#.......#.##
#.#####....)..###
#.# #.#####.# #.#
#.....))# ##'##
#.......# #...#
#.⌠.<.⌠.# #...#
#.......#
#####...####.......#
+#####
#'.....@...#########
≈≈≈≈8# ##.....((..#
≈≈≈≈≈# #.........#
≈≈≈≈≈# ####.>.####
..)..#### #...#
##...##.## #...# #
#..####.## ###'# ##
#.## ##.## #.# ##.
#.# ##.## #.# ##.#


You could see 2 dancing weapons.

Vanquished Creatures
  A deep elf sorcerer (Elf:1)
  Snorg (D:12)
  A fire dragon (Lair:6)
  6 hydras
  A catoblepas (Lair:3)
  3 boulder beetles (D:12)
  4 two-headed ogres
  2 deep elf archers (Elf:1)
  A glowing orange brain (shapeshifter) (D:12)
  3 deep elf zephyrmancers
  An orc knight (Orc:2)
  2 lindwurms
  2 deep elf pyromancers (Elf:1)
  2 ugly things (D:12)
  3 orc sorcerers
  A manticore (shapeshifter) (Elf:1)
  A cyclops (D:12)
  A manticore (D:11)
  5 black mambas
  An elephant (Lair:3)
  3 wolf spiders
  2 torpor snails
  2 molten gargoyles (Lair:6)
  A gargoyle (D:12)
  10 cane toads
  Psyche (D:12)
  An efreet (D:10)
  Maggie (D:8)
  A rime drake (Lair:2)
  An unseen horror (D:12)
  2 freezing wraiths (D:12)
  14 komodo dragons
  A merfolk (Lair:2)
  A hornet (D:9)
  9 trolls
  A polar bear (Lair:5)
  7 dream sheep
  12 blink frogs
  A slime creature (D:12)
  2 vampires
  3 wraiths
  6 wyverns
  6 shadows
  43 yaks
  A fire elemental (Elf:1)
  4 vampire mosquitoes (D:11)
  A steam dragon (Lair:6)
  4 basilisks
  5 wargs
  Edmund (D:6)
  A naga (Lair:3)
  9 water moccasins
  5 hell hounds (Lair:6)
  12 orc warriors
  7 ogres
  The ghost of witty6 the Chopper, an amateur MiBe of Trog (D:3)
  A necrophage (D:6)
  24 wolves
  6 centaurs
  A phantom (D:6)
  4 kobold brigands
  14 bullfrogs
  A gnoll sergeant (D:5)
  A water moccasin zombie (D:5)
  A scorpion (D:5)
  A wyvern skeleton (D:7)
  3 wights (D:8)
  8 killer bees
  3 electric eels
  9 howler monkeys
  2 centaur zombies
  3 lava snakes (Lair:6)
  A gnoll shaman (D:10)
  A centaur skeleton (D:7)
  5 orc priests
  A hound (D:6)
  A jelly (D:6)
  4 hexers
  An iguana (D:2)
  6 orc wizards
  3 hell rats (Lair:4)
  A killer bee zombie (D:8)
  6 adders
  6 gnolls
  A shadow imp (D:7)
  An ufetubus (D:6)
  4 worms
  3 dart slugs
  An ancestor (D:4)
  28 orcs
  9 endoplasms
  5 giant cockroaches
  3 goblins
  3 hobgoblins
  8 jackals
  8 kobolds
  7 quokkas
  4 ball pythons
  9 bats
  2 frilled lizards
  2 rats
440 creatures vanquished.

Vanquished Creatures (collateral kills)
  Jorgrun (Orc:2)
  An acid blob (Lair:5)
  3 hydras
  3 two-headed ogres
  Erica (D:9)
  An orc high priest (Orc:2)
  An orc knight (Orc:2)
  4 deep elf pyromancers
  A deep elf zephyrmancer (Elf:1)
  3 orc sorcerers (Orc:2)
  A black mamba (Lair:2)
  A gargoyle (D:10)
  Maurice (D:8)
  A cane toad (Lair:3)
  A rime drake (Lair:3)
  3 trolls
  6 blink frogs
  A slime creature (D:12)
  8 dream sheep
  A wyvern (Lair:2)
  6 yaks
  2 wargs
  A naga (Lair:3)
  4 water moccasins
  A swamp drake (D:12)
  13 orc warriors
  A black bear (D:6)
  2 ogres
  3 wolves
  3 centaurs
  The ghost of pantherbaby0 the Skirmisher, an amateur GrBe of Trog (D:3)
  4 bullfrogs
  An earth elemental (Elf:1)
  A hexer (Orc:2)
  4 killer bees
  3 wights (D:8)
  A howler monkey (D:12)
  A lava snake (Lair:6)
  13 orc priests
  An iguana (D:6)
  20 orc wizards
  A hell rat (Lair:4)
  3 gnolls
  A shadow imp (D:6)
  An ufetubus (D:5)
  An adder zombie (D:5)
  52 orcs
  2 bats (Sewer)
  2 giant cockroaches
  2 jackals (D:5)
  3 quokkas
  A frilled lizard (Sewer)
  3 kobolds
201 creatures vanquished.

Vanquished Creatures (others)
  A boulder beetle (Lair:3)
  A deep elf knight (Elf:1)
  A deep elf pyromancer (Elf:1)
  A deep elf zephyrmancer (Elf:1)
  3 dancing weapons (D:12)
  A yak (Lair:2)
  A warg (Orc:2)
  2 orc warriors (Orc:2)
  A lava snake (Lair:6)
  14 hexers
  4 orc wizards (Orc:2)
  2 ancestors
  An orc (Orc:2)
  26 fungi
  24 plants
  6 withered plants (D:3)
89 creatures vanquished.

Grand Total: 730 creatures vanquished

Notes
Turn   | Place    | Note
-------+----------+-------------------------------------------
     0 | D:1      | alalala the Vampire Enchanter began the quest for the Orb.
     0 | D:1      | Reached XP level 1. HP: 13/13 MP: 3/3
   332 | D:1      | Found Ycsinam's Antique Weapon Shop.
   389 | D:1      | Reached XP level 2. HP: 16/19 MP: 5/5
   392 | D:1      | Learned a level 2 spell: Ensorcelled Hibernation
   611 | D:1      | Reached skill level 5 in Stealth
  1304 | D:2      | Found a hazy altar of Hepliaklqana.
  1394 | D:2      | Became a worshipper of Hepliaklqana the Forgotten
  1421 | D:2      | Gained mutation: You are afflicted with vampirism and can
                  | become a bat while bloodless. [Vampire growth]
  1421 | D:2      | Reached XP level 3. HP: 24/24 MP: 1/6
  1482 | D:2      | Reached skill level 5 in Hexes
  1482 | D:2      | Reached XP level 4. HP: 24/24 MP: 7/7
  1531 | D:2      | Learned a level 3 spell: Confusing Touch
  1646 | D:2      | Learned a level 3 spell: Ozocubu's Armour
  2326 | D:3      | Found Qawati's Assorted Antiques.
  2550 | D:3      | Found Qar Kitu's Jewellery Emporium.
  2587 | D:3      | Found a faded altar of an unknown god.
  2592 | D:3      | Reached skill level 1 in Ice Magic
  2689 | D:3      | Found a runed translucent gate.
  2689 | D:3      | Found a runed translucent gate.
  2694 | D:3      | Found a runed translucent gate.
  2695 | D:3      | Noticed witty6's ghost (amateur MiBe)
  2696 | D:3      | Noticed pantherbaby0's ghost (amateur GrBe)
  2707 | D:3      | Found Milerch's Armour Emporium.
  2807 | D:3      | Reached * piety under Hepliaklqana
  2970 | D:3      | Found Geeniody's Magic Scroll Shoppe.
  3395 | D:4      | Reached XP level 5. HP: 23/24 MP: 6/9
  3457 | D:4      | Found a staircase to the Ecumenical Temple.
  3594 | D:4      | Found a glowing drain.
  3639 | Sewer    | Entered a sewer
  3686 | Sewer    | Learned a level 1 spell: Animate Skeleton
  4305 | D:4      | Noticed an ogre
  4356 | D:4      | HP: 1/24 [ogre (13)]
  4369 | D:4      | Killed an ogre
  4370 | D:4      | Reached XP level 6. HP: 2/28 MP: 4/10
  4667 | D:4      | Reached ** piety under Hepliaklqana
  5620 | D:5      | Entered Level 5 of the Dungeon
  5633 | D:5      | Reached skill level 6 in Hexes
  5945 | D:5      | Reached XP level 7. HP: 32/32 MP: 12/12
  5949 | D:5      | Found Gozag's Platinum Reserve.
  6496 | D:5      | Remembered your ancestor Helper as a hexer
  6599 | D:5      | Reached skill level 1 in Shields
  6651 | D:5      | Found an opulent altar of Gozag.
  7058 | D:6      | Reached XP level 8. HP: 39/46 MP: 11/14
  7216 | D:6      | Reached skill level 5 in Shields
  7641 | D:6      | Noticed Edmund
  7650 | D:6      | Reached *** piety under Hepliaklqana
  7724 | D:6      | Killed Edmund
  7725 | D:6      | Reached skill level 7 in Hexes
  7982 | D:7      | Reached skill level 5 in Spellcasting
  8187 | D:7      | Reached skill level 8 in Hexes
  8256 | D:7      | Learned a level 5 spell: Metabolic Englaciation
  8329 | D:7      | Reached XP level 9. HP: 46/51 MP: 14/17
  8967 | D:8      | Got the Compendium of Orientation
  9033 | D:8      | Reached **** piety under Hepliaklqana
  9033 | D:8      | Noticed Maurice
  9057 | D:8      | Killed Maurice
  9058 | D:8      | Reached skill level 9 in Hexes
  9058 | D:8      | Reached skill level 1 in Necromancy
  9199 | D:8      | Noticed Maggie
  9486 | D:8      | Noticed a tengu warrior
  9486 | D:8      | Noticed a tengu conjurer
  9636 | D:8      | Reached skill level 10 in Hexes
 10103 | D:9      | Reached skill level 11 in Hexes
 10103 | D:9      | Reached XP level 10. HP: 29/50 MP: 13/21
 10170 | D:9      | Noticed Erica
 10190 | D:9      | Killed Erica
 10191 | D:9      | Reached skill level 5 in Ice Magic
 10294 | D:9      | Found Toodeu's Antique Weapon Shop.
 11145 | D:10     | Entered Level 10 of the Dungeon
 11527 | D:10     | Noticed a two-headed ogre
 11535 | D:10     | Noticed a deep elf pyromancer
 11781 | D:8      | Killed Maggie
 11782 | D:8      | Reached skill level 12 in Hexes
 12252 | D:3      | Killed witty6's ghost
 12254 | D:3      | Killed pantherbaby0's ghost
 12692 | D:10     | Learned a level 3 spell: Tukima's Dance
 12699 | D:10     | Killed a two-headed ogre
 12700 | D:10     | Reached skill level 13 in Hexes
 12715 | D:10     | Noticed a gargoyle
 12733 | D:10     | Killed a gargoyle
 12763 | D:10     | Killed a deep elf pyromancer
 12764 | D:10     | Reached XP level 11. HP: 33/61 MP: 7/24
 12948 | D:10     | Noticed a two-headed ogre
 12958 | D:10     | Killed a two-headed ogre
 13204 | D:10     | Found a staircase to the Lair.
 13265 | Lair:1   | Entered Level 1 of the Lair of Beasts
 13296 | Lair:1   | Reached skill level 14 in Hexes
 13496 | Lair:1   | Identified the +3 leather armour of Vicwaryi {+Inv}
 13594 | Lair:1   | HP: 3/61 [blink frog (9)]
 13604 | Lair:1   | Reached skill level 10 in Spellcasting
 14421 | Lair:1   | Reached skill level 15 in Hexes
 14641 | Lair:1   | Noticed an eight-headed hydra
 14725 | Lair:2   | Reached ***** piety under Hepliaklqana
 15065 | Lair:2   | Reached skill level 1 in Armour
 15126 | Lair:2   | Noticed a six-headed hydra
 15305 | Lair:3   | Noticed an eight-headed hydra
 15366 | Lair:3   | Noticed a boulder beetle
 15372 | Lair:3   | Reached skill level 5 in Short Blades
 15380 | Lair:3   | Killed a boulder beetle
 15707 | Lair:3   | Noticed a wolf spider
 15707 | Lair:3   | Noticed a wolf spider
 15753 | Lair:3   | Killed a wolf spider
 15754 | Lair:3   | Reached XP level 12. HP: 48/67 MP: 12/26
 15878 | Lair:2   | Reached skill level 10 in Stealth
 16231 | Lair:3   | Learned a level 2 spell: Sublimation of Blood
 16273 | Lair:3   | Noticed a catoblepas
 16457 | Lair:2   | Killed a six-headed hydra
 16652 | Lair:2   | Found a staircase to the Shoals.
 16818 | Lair:3   | Killed a catoblepas
 16875 | Lair:3   | Found a staircase to the Snake Pit.
 17049 | Lair:3   | Killed an eight-headed hydra
 17406 | Lair:3   | Noticed a seven-headed hydra
 17415 | Lair:3   | Killed a seven-headed hydra
 18062 | Lair:4   | Reached skill level 5 in Dodging
 18552 | Lair:4   | Reached XP level 13. HP: 54/72 MP: 13/27
 19167 | Lair:5   | Reached skill level 15 in Stealth
 19658 | Lair:5   | Reached skill level 1 in Fighting
 19821 | Lair:5   | Found a runed translucent door.
 19821 | Lair:5   | Found a viscous altar of Jiyva.
 19910 | Lair:5   | Found a staircase to the Slime Pits.
 19910 | Lair:5   | Noticed an acid blob
 19926 | Lair:5   | Killed an acid blob
 20066 | Lair:5   | Upgraded the game from 0.28-a0-1202-g1e6f1b2279 to
                  | 0.28-a0-1212-gc6b4282bc0
 20216 | Lair:6   | Entered Level 6 of the Lair of Beasts
 20311 | Lair:6   | Reached skill level 16 in Hexes
 21012 | Lair:6   | Reached skill level 17 in Hexes
 21365 | Lair:6   | Found a large runed translucent door.
 21365 | Lair:6   | Found a large runed translucent door.
 21522 | Lair:6   | Noticed a fire dragon
 21547 | Lair:6   | Killed a fire dragon
 21979 | Lair:6   | Reached XP level 14. HP: 79/79 MP: 15/29
 22958 | D:11     | Learned a level 3 spell: Vampiric Draining
 22967 | D:11     | Learned a level 8 spell: Discord
 23038 | D:11     | Reached skill level 18 in Hexes
 23420 | D:11     | Reached ****** piety under Hepliaklqana
 23595 | D:11     | Reached skill level 10 in Short Blades
 24274 | D:12     | Found a flickering gateway to a bazaar.
 24281 | Bazaar   | Entered a bazaar
 24333 | Bazaar   | Found Luxa Ila's Book Boutique.
 24355 | Bazaar   | Found Ilicway's Antique Armour Emporium.
 24376 | Bazaar   | Found Dahig's Armour Boutique.
 24396 | Bazaar   | Found Vearenaf's Assorted Antiques.
 24423 | Bazaar   | Bought a Trismegistus Codex for 224 gold pieces
 24423 | Bazaar   | Bought Veukatas's Almanac of Classification for 336 gold
                  | pieces
 24423 | Bazaar   | Bought the Collected Works on the Birds for 384 gold pieces
 24427 | Bazaar   | Learned a level 3 spell: Mephitic Cloud
 24611 | D:12     | Identified the +8 flail of Kailiosm {elec, *Slow +Blink
                  | Dex+2}
 24611 | D:12     | Identified the +0 fire dragon scales of Indomitability
                  | {rF++ rC- Str+2 Slay+2}
 24663 | D:12     | Reached skill level 1 in Air Magic
 25175 | D:12     | Noticed Snorg
 25200 | D:12     | Killed Snorg
 25208 | D:12     | Learned a level 5 spell: Freezing Cloud
 25224 | D:12     | Noticed Psyche
 25512 | D:12     | Found a staircase to the Orcish Mines.
 25851 | D:12     | Reached skill level 1 in Conjurations
 25851 | D:12     | Reached skill level 19 in Hexes
 25872 | D:12     | Killed Psyche
 25998 | D:12     | Got Ujeim's Volume of the Frostbite and Envenoming
 26116 | Orc:1    | Entered Level 1 of the Orcish Mines
 26116 | Orc:1    | Found Ysadd's Antique Weapon Emporium.
 26332 | Orc:1    | Found Hasik's General Store.
 26610 | Orc:1    | Found Noc Duga's Jewellery Shoppe.
 26808 | Orc:2    | Entered Level 2 of the Orcish Mines
 27079 | Orc:2    | Found a staircase to the Elven Halls.
 27204 | Orc:2    | Noticed Jorgrun
 27616 | Orc:2    | Killed Jorgrun
 28033 | Orc:2    | Found Keteur's Antique Armour Boutique.
 28033 | Orc:2    | Found Riraipt's General Store.
 28036 | Orc:2    | Found Riamifiu's Jewellery Shop.
 28038 | Orc:2    | Found Dabebex's Assorted Antiques.
 28049 | Orc:2    | Reached XP level 15. HP: 85/85 MP: 28/32
 28517 | Orc:1    | Found Ciar's Antique Armour Emporium.
 28633 | Elf:1    | Entered Level 1 of the Elven Halls
 28856 | Elf:1    | Noticed a deep elf sorcerer
 28910 | Elf:1    | Killed a deep elf sorcerer
 29401 | Elf:1    | Identified the ring of Winter {rElec Str+6 Dex+4}
 29549 | Elf:1    | Found Vuenli's Distillery.
 29861 | Elf:1    | Mangled by a +0 flail of protection

Illustrated notes

Levels and vault maps discovered:
D:1:      kilobyte_arrival_exit_the_forest, layout_basic, serial_shops, shop
D:2:      layout_loops_ring, basic_altar, minmay_pentomino_p4
D:3:      layout_basic, ebering_ecumenical_altar_petrified,
          gammafunk_ghost_cemetery, serial_shops, nicolae_shop_behind_doors,
          shop_statue, nicolae_shop_crystal, shop
D:4:      layout_cave_pods, minmay_temple_entry_drinking_statues,
          portal_sewer_entry_f
D:5:      layout_basic, nicolae_gozag_zags_fifth_avenue
D:6:      layout_cave_pools, minmay_fractal_squares_gapless_5, uniq_edmund
D:7:      layout_basic
D:8:      layout_gridville, uniq_maurice, uniq_maggie
D:9:      layout_cave_pods, serial_shops, kennysheep_mini_moat,
          minmay_variable_closet, grunt_ministairs_15, eino_curves_02,
          uniq_erica
D:10:     layout_rooms, lair_entry_dummy, minmay_checkerbox
D:11:     layout_basic, nooodl_orcs_dogs
D:12:     minmay_the_grid_net [minmay_the_grid_medium_cups,
          minmay_the_grid_slots, minmay_the_grid_mess,
          minmay_the_grid_tiny_cups, minmay_the_grid_empty,
          minmay_the_grid_prize_shrinking_boxes], layout_irregular_city,
          erik_orc_1, serial_shops, bzr_entry_dummy, uniq_snorg, uniq_psyche
Lair:1:   layout_cave_pods
Lair:2:   layout_misc_corridors, elwin_shoals_entry_rooms
Lair:3:   nzn_winding_woodlands_medium [nzn_winding_woodlands_5x5_three,
          nzn_winding_woodlands_5x15_twine, nzn_winding_woodlands_hourglass,
          nzn_winding_woodlands_5x5_checkerboard,
          nzn_winding_woodlands_center_lodge,
          nzn_winding_woodlands_5x5_perimeter,
          nzn_winding_woodlands_5x5_closed_star,
          nzn_winding_woodlands_5x15_longhouse,
          nzn_winding_woodlands_5x5_open_star], layout_cellular_growth,
          guppyfry_snake_entry_island, nicolae_lair_run_with_the_wolves,
          infiniplex_staircase_pool
Lair:4:   layout_roguey, infiniplex_staircase_pool_2
Lair:5:   layout_cave_shapes, slime_altar_2, grunt_megastairs_2
Lair:6:   cheibrodos_lair_end_hotspot, layout_long_grid
Orc:1:    layout_caves, serial_shops, nicolae_shop_statue_plus, shop_fountains,
          nicolae_diamond_shop, shop
Orc:2:    st_orc_mages, layout_caves, uniq_jorgrun
Elf:1:    nicolae_elf_arrival_fired_up, layout_geoelf_grid, serial_shops, shop,
          evilmike_minifort
Elf:2:    elven_hall_of_blades_hangedman_original [grunt_blade_entry_basic],
          layout_loops_ring, drop_trap

Skill      XL: |  1  2  3  4  5  6  7  8  9 10 11 12 13 14 15 |
---------------+----------------------------------------------+-----
Stealth        | 5 6 7 9 14 15 | 15.0
Short Blades   | 2 3 5 8 9 10 | 10.1
Hexes          | 5 6 8 11 13 15 17 19 | 19.0
Ice Magic      | 1 2 4 6 7 8 |  8.0
Spellcasting   | 3 4 5 7 9 10 11 13 | 13.5
Shields        | 4 5 |  5.8
Necromancy     | 1 |  1.6
Dodging        | 3 5 6 |  6.0
Armour         | 1 3 4 |  4.1
Fighting       | 1 2 |  2.0
Air Magic      | 4 |  4.5
Conjurations   | 2 |  2.8
Throwing       | |  0.3
Poison Magic   | |  0.4
Evocations     | |  0.2

Action                   |  1- 3 |  4- 6 |  7- 9 | 10-12 | 13-15 || total
-------------------------+-------+-------+-------+-------+-------++-------
Melee: Dagger            |    52 |   166 |   274 |   704 |  1037 ||  2233
       Bite              |     5 |    19 |    29 |    82 |   124 ||   259
Throw: Stone             |     1 |       |       |       |       ||     1
       Dart              |       |     6 |     3 |       |       ||     9
       Javelin           |       |     1 |     1 |     1 |       ||     3
 Cast: Ensorcelled Hiber |    12 |    28 |     2 |    10 |     4 ||    56
       Confusing Touch   |       |     9 |    59 |   151 |   193 ||   412
       Ozocubu's Armour  |       |     1 |     3 |       |       ||     4
       Animate Skeleton  |       |     4 |    15 |    18 |    26 ||    63
       Metabolic Englaci |       |       |       |    28 |    23 ||    51
       Tukima's Dance    |       |       |       |     5 |    20 ||    25
       Discord           |       |       |       |       |    11 ||    11
       Mephitic Cloud    |       |       |       |       |     7 ||     7
       Freezing Cloud    |       |       |       |       |    13 ||    13
       Sublimation of Bl |       |       |       |       |     5 ||     5
       Vampiric Draining |       |       |       |       |     3 ||     3
Invok: Ancestor Identity |       |     2 |       |       |       ||     2
       Recall Ancestor   |       |     1 |       |     2 |       ||     3
       Ancestor Life: He |       |       |     1 |       |       ||     1
 Abil: Exsanguinate      |     1 |       |     1 |       |       ||     2
       End Transformatio |       |     1 |       |       |       ||     1
       Bat Form          |       |     1 |       |       |       ||     1
       Revivify          |       |       |     2 |       |       ||     2
Evoke: Wand              |       |       |       |     4 |     2 ||     6
  Use: Scroll            |       |     5 |     3 |     9 |     5 ||    22
       Potion            |       |     2 |     1 |     7 |     7 ||    17
 Stab: Sleeping          |    13 |    38 |    14 |    10 |    19 ||    94
       Confused          |       |     3 |    37 |   104 |   155 ||   299
       Distracted        |       |     2 |     1 |       |     9 ||    12
       Paralysed         |       |       |       |     2 |     3 ||     5
       Petrified         |       |       |       |     1 |       ||     1
Armor: Robe              |    12 |    42 |    36 |     5 |    42 ||   137
       Acid dragon scale |       |       |       |   125 |   126 ||   251
       Skin              |       |       |       |     7 |       ||     7
Dodge: Dodged            |    21 |    92 |    98 |   200 |   264 ||   675
Block: Other             |       |    28 |     3 |       |       ||    31
       Buckler           |       |       |   118 |   305 |   309 ||   732
       Reflection        |       |       |     4 |     3 |    11 ||    18

Table legend: (Time is in decaauts)
 A = Elapsed time spent in this place.
 B = Non-inter-level travel time spent in this place.
 C = Inter-level travel time spent in this place.
 D = Time resting spent in this place.
 E = Time spent auto-exploring this place.
 F = Levels seen in this place.
 G = Mean time per level.
                   A        B        C        D        E       F      G
               +--------+--------+--------+--------+--------+-----+--------+
         Total |  29211 |  28170 |   1041 |   7724 |   9810 |  24 | 1217.1 |
       Dungeon |  15948 |  15280 |    668 |   4081 |   5949 |  12 | 1329.0 |
          Lair |   8892 |   8593 |    299 |   2665 |   2182 |   6 | 1482.0 |
  Orcish Mines |   2399 |   2326 |     73 |    701 |    864 |   2 | 1199.5 |
   Elven Halls |   1186 |   1186 |      0 |    248 |    597 |   2 |  593.0 |
        Bazaar |    168 |    168 |      0 |      0 |    132 |   1 |  168.0 |
         Sewer |    616 |    616 |      0 |     29 |     85 |   1 |  616.0 |
               +--------+--------+--------+--------+--------+-----+--------+

Top non-repeatable levels by time:
  Lair:6: 2306 daAuts
  Lair:3: 2019 daAuts
     D:4: 1937 daAuts
     D:9: 1908 daAuts
    D:12: 1679 daAuts
   Orc:1: 1391 daAuts
     D:8: 1376 daAuts
    D:11: 1371 daAuts
  Lair:4: 1356 daAuts
     D:2: 1251 daAuts
     D:1: 1215 daAuts
  Lair:1: 1205 daAuts
   Elf:1: 1177 daAuts
    D:10: 1174 daAuts
     D:3: 1169 daAuts
